 Dungeon Crawl Stone Soup version 0.29-a0-338-g1ff7896281 (webtiles) character file.

Game seed: 5133432097226073643

53 spaghetti the Sneak (level 3, -3/31 HPs)
             Began as a Naga Artificer on Apr 18, 2022.
             Slain by a gnoll
             ... wielding a +0 spear
              (4 damage)
             ... on level 2 of the Dungeon.
             The game lasted 00:02:44 (1842 turns).

spaghetti the Sneak (Naga Artificer)                Turns: 1842, Time: 00:02:44

Health: -3/31      AC:  3    Str: 14    XL:     3   Next: 87%
Magic:  3/3        EV:  9    Int: 13    God:
Gold:   107        SH:  0    Dex: 11    Spells: 2/2 levels left

rFire   . . .      SeeInvis +   a - +0 club {mace}
rCold   . . .      Faith    .   (no shield)
rNeg    . . .      Spirit   .   b - +0 leather armour
rPois   +          Reflect  .   n - +0 helmet
rElec   .          Harm     .   (no cloak)
rCorr   .          Rampage  .   (no gloves)
Will    .....                   (no barding)
Stlth   ++........              (no amulet)
HPRegen 0.10/turn               (no ring)
MPRegen 0.08/turn               (no ring)

@: very slow
A: AC +1, large, see invisible, deformed body, poison resistance, slowness 2,
spit poison 1, naga tail 1
a: Spit Poison


You were on level 2 of the Dungeon.
You visited 1 branch of the dungeon, and saw 2 of its levels.

You collected 107 gold pieces.


Innate Abilities, Weirdness & Mutations

Your serpentine skin is tough. (AC +1)
You have supernaturally acute eyesight. (SInv)
Armour fits poorly on your strangely shaped body.
Your system is resistant to poisons. (rPois)
You cover ground very slowly.
You can spit poison.
You have a snake-like lower body.


   Skills:
 + Level 1.4 Fighting
 * Level 2.1 Armour
 + Level 1.2 Dodging
 * Level 3.4 Stealth
 + Level 3.2 Evocations


You had 2 spell levels left.
You didn't know any spells.
Your spell library contained the following spells:

 Spells                   Type           Power      Damage    Failure   Level
 Sublimation of Blood     Necr           0%         N/A       50%         2
 Wereblood                Tmut           0%         N/A       50%         2
 Petrify                  Tmut/Erth      0%         N/A       98%         4
 Summon Ice Beast         Ice/Summ       0%         N/A       98%         4
 Irradiate                Conj/Tmut      0%         3d13      100%        5
 Summon Mana Viper        Hex/Summ       0%         N/A       100%        5
 Monstrous Menagerie      Summ           0%         N/A       100%        7
 Summon Hydra             Summ           0%         N/A       100%        7

Inventory:

Hand Weapons
 a - a +0 club (weapon) {mace}
 k - a +2 dagger of holy wrath {short}
   (You took it off a kobold on level 1 of the Dungeon)
Missiles
 j - 3 boomerangs {throwing}
 l - 13 stones (quivered) {throwing}
Armour
 b - a +0 leather armour (worn)
 n - a +0 helmet (worn)
   (You found it on level 1 of the Dungeon)
Jewellery
 h - a ring of poison resistance
   (You found it on level 1 of the Dungeon)
Wands
 c - a wand of flame (7)
 d - a wand of charming (14)
 e - a wand of iceblast (9)
Scrolls
 f - 2 scrolls of immolation {unknown}
 g - 3 scrolls of identify {unknown}
 i - a scroll of fog {unknown}
 o - a scroll of enchant weapon {unknown}
Potions
 p - a potion of curing {unknown}

Dungeon Overview and Level Annotations

Branches:
Dungeon (2/15)

Altars:

##.. #..###.#########
#.......##......
.g..##..##.....† #)#.#
#.##...... ##K#.#
#......<.. #g.#.#
#.#..##..# ##g##.#
#.#..##..#
#@.##.###........#
##.##.............#
#......####.......#
#......###.####[##.....
#..###..#
#.##...###.... . #.##
#.##.#.###.... #.
#.##..P.#..... ^.
#.##.≈≈....... .##
#.###PP≈......


You could see 2 gnolls, a kobold and a friendly gnoll (charmed).


Message History

A bat is nearby!
A bat is nearby!
Unknown command.
The bat hits you but does no damage.
You hit the bat. The bat hits you but does no damage. x3
You hit the bat.
You kill the bat!
No target in view!
No target in view!
No target in view!
No target in view!
No target in view!
No target in view!
No target in view!
No target in view!
No target in view!
No target in view!
No target in view!
No target in view!
No target in view!
No target in view!
g - 3 scrolls labelled DAMOIBYOPT (gained 1)
You now have 94 gold pieces (gained 5).
Key pressed, stopping explore.
You now have 107 gold pieces (gained 13).
A gnoll comes into view. It is wielding a +1 spear of venom.
The gnoll shouts!
You hear a shout! x3
The gnoll hits you from afar with a +1 spear of venom. 😕 HP[-4]
You take 4 damage, and now have 27/31 hp.
A gnoll is nearby!
A gnoll is nearby!
You are too injured to fight recklessly!
You are too injured to fight recklessly!
Okay, then.
Aiming: Throw Flame
Press: ? - help, Shift-Dir - straight line, f - gnoll
Aim: a gnoll, wielding a +1 spear of venom (75% to hit)
The puff of flame hits the gnoll.
The gnoll completely misses you.
Aiming: Throw Flame
Press: ? - help, Shift-Dir - straight line, f/p - gnoll
Aim: a gnoll, wielding a +1 spear of venom (lightly wounded, 75% to hit)
The puff of flame misses the gnoll.
The gnoll hits you from afar with a +1 spear of venom.
A gnoll comes into view. It is wielding a +0 flail. 😮 HP[-4]
You take 4 damage, and now have 23/31 hp.
Aiming: Throw Flame
Press: ? - help, Shift-Dir - straight line, f/p - gnoll
Aim: a gnoll, wielding a +1 spear of venom (lightly wounded, 75% to hit)
The puff of flame hits the gnoll!
The gnoll hits you from afar with a +1 spear of venom!
* * * LOW HITPOINT WARNING * * *
😨 HP[-8]
You take 8 damage, and now have 15/31 hp.
MASSIVE DAMAGE!! (PAUSE)
Aiming: Throw Flame
Press: ? - help, Shift-Dir - straight line, f/p - gnoll
Aim: a gnoll, wielding a +1 spear of venom (severely wounded, 75% to hit)
The puff of flame hits the gnoll.
You kill the gnoll!
Aiming: Throw Flame
Press: ? - help, Shift-Dir - straight line, f - gnoll
Aim: a gnoll, wielding a +0 flail (75% to hit)
The puff of flame hits the gnoll!
A kobold comes into view. It is wielding a +0 short sword.
Aiming: Throw Flame
Press: ? - help, Shift-Dir - straight line, f/p - gnoll
Aim: a gnoll, wielding a +0 flail (heavily wounded, 75% to hit)
The puff of flame misses the gnoll.
The gnoll hits you with a +0 flail!
* * * LOW HITPOINT WARNING * * *
A gnoll comes into view. It is wielding a +0 spear. 😱 HP[-11]
You take 11 damage, and now have 4/31 hp.
MASSIVE DAMAGE!! (PAUSE)
Aiming: Charm
Press: ? - help, Shift-Dir - straight line, f/p - gnoll
Aim: a gnoll, wielding a +0 flail (heavily wounded, chance to affect: 66%)
The gnoll is charmed.
The gnoll shouts! 😱 HP[+1]
The gnoll hits you from afar with a +0 spear.
* * * LOW HITPOINT WARNING * * *
A gnoll comes into view. It is wielding a +0 whip. 😱 HP[-4]
You take 4 damage, and now have 1/31 hp.
What are your orders? t - Shout!
Orders for allies: a - Attack new target. p - Attack previous target. r - Retreat! s - Stop attacking. g - Guard the area. f - Follow me.
Anything else - Cancel.
Gang up on whom?
Press: ? - help, Dir - move target, f - gnoll, p - gnoll
Aim: a gnoll, wielding a +0 spear
Okay, then.
It was a potion of mutation.
You feel extremely strange.
You feel a little pissed off.
You feel a little more calm.
The gnoll hits you from afar with a +0 spear.
You die...

Skill      XL: |  1  2  3 |
---------------+----------+-----
Stealth        | 2 3 |  3.4
Dodging        | 1 |  1.2
Armour         | 2 |  2.1
Fighting       | |  1.4
Evocations     | |  3.2

Action                   || total
-------------------------++-------
Melee: Club              ||   109
       Punch             ||     1
Throw: Stone             ||     3
 Abil: Spit Poison       ||     7
Evoke: Wand              ||     9
  Use: Potion            ||     1
 Stab: Sleeping          ||     3
Armor: Leather armour    ||    38
Dodge: Dodged            ||    71

Levels and vault maps discovered:
D:1:      lemuel_arrival_broad_hall, layout_basic, minmay_ruptured
D:2:      layout_rooms, chequers_ecumenical_altar_simple, serial_bayou_pond_e,
          lexackson_kobold_supper

Notes
Turn   | Place    | Note
-------+----------+-------------------------------------------
     0 | D:1      | spaghetti the Naga Artificer began the quest for the Orb.
     0 | D:1      | Reached XP level 1. HP: 18/18 MP: 1/1
     0 | D:1      | magus.rc [v1.9.6]
    24 | D:1      | You pick up a book of Beasts and begin reading...
    24 | D:1      | You add the spells Summon Ice Beast, Summon Mana Viper and
                  | Monstrous Menagerie to your library.
   345 | D:1      | Reached skill level 2 in Stealth
   349 | D:1      | You pick up a book of Alchemy and begin reading...
   349 | D:1      | You add the spells Sublimation of Blood, Petrify and
                  | Irradiate to your library.
   363 | D:1      | Reached XP level 2. HP: 23/25 MP: 2/2
   379 | D:1      | Reached skill level 1 in Dodging
   560 | D:1      | You pick up a book of Blood and begin reading...
   560 | D:1      | You add the spells Wereblood and Summon Hydra to your
                  | library.
  1108 | D:1      | Reached skill level 2 in Armour
  1217 | D:1      | Reached XP level 3. HP: 31/31 MP: 3/3
  1293 | D:1      | Reached skill level 3 in Stealth
  1838 | D:2      | HP: 4/31 [gnoll/+0 flail (11)]
  1841 | D:2      | HP: 1/31 [gnoll/+0 spear (4)]
  1842 | D:2      | Gained mutation: You tend to lose your temper in combat.
                  | [potion of mutation]
  1842 | D:2      | Lost mutation: You tend to lose your temper in combat.
                  | [potion of mutation]
  1842 | D:2      | Slain by a gnoll

Vanquished Creatures
  A gnoll (D:2)
  An adder (D:2)
  A dart slug (D:1)
  5 ball pythons (D:1)
  4 bats
  3 endoplasms (D:1)
  2 giant cockroaches (D:1)
  3 goblins (D:1)
  2 hobgoblins (D:1)
  2 kobolds (D:1)
  A quokka (D:1)
  A frilled lizard (D:1)
  3 rats (D:1)
29 creatures vanquished.

Vanquished Creatures (others)
  2 plants (D:2)
2 creatures vanquished.

Grand Total: 31 creatures vanquished

Table legend:
 A = Non-vault XP
 B = Vault XP
 C = Vault XP percentage of total XP
 D = Non-vault monster count
 E = Vault monster count
 F = Vault count percentage of total count
                 A         B        C        D         E       F
            +---------+---------+-------+---------+---------+-------
      Total |      76 |       0 |   0.0 |      29 |       0 |   0.0
            +---------+---------+-------+---------+---------+-------
        D:1 |      47 |       0 |   0.0 |      26 |       0 |   0.0
        D:2 |      29 |       0 |   0.0 |       3 |       0 |   0.0
            +---------+---------+-------+---------+---------+-------

Illustrated notes

Table legend:
 A = Kills in this place as a percentage of kills in entire the game.
 B = Kills by you in this place as a percentage of kills by you in the entire game.
 C = Kills by friends in this place as a percentage of kills by friends in the entire game.
 D = Other kills in this place as a percentage of other kills in the entire game.
 E = Experience gained in this place as a percentage of experience gained in the entire game.
 F = Experience gained in this place divided by the number of levels of this place that you have seen.
                   A       B       C       D       E      F
               +-------+-------+-------+-------+-------+----------------------
         Total | 100.0 | 100.0 |   N/A |   N/A | 100.0 |  38.0
       Dungeon | 100.0 | 100.0 |   N/A |   N/A | 100.0 |  38.0
               +-------+-------+-------+-------+-------+----------------------

Table legend: (Time is in decaauts)
 A = Elapsed time spent in this place.
 B = Non-inter-level travel time spent in this place.
 C = Inter-level travel time spent in this place.
 D = Time resting spent in this place.
 E = Time spent auto-exploring this place.
 F = Levels seen in this place.
 G = Mean time per level.
                   A        B        C        D        E       F      G
               +--------+--------+--------+--------+--------+-----+--------+
         Total |   2126 |   2107 |     19 |    750 |   1044 |   2 | 1063.0 |
       Dungeon |   2126 |   2107 |     19 |    750 |   1044 |   2 | 1063.0 |
               +--------+--------+--------+--------+--------+-----+--------+

Top non-repeatable levels by time:
     D:1: 1918 daAuts
     D:2: 208 daAuts
